 Dungeon Crawl Stone Soup version 0.28-a0-1235-g7c8fac35f0 (webtiles) character file.

Game seed: 11543653817549148853

2277 r3xj the Fighter (level 9, -5/83 HPs)
             Began as a Minotaur Fighter on Dec 24, 2021.
             Slain by a thrashing horror (13 damage)
             ... on level 2 of the Abyss.
             The game lasted 00:14:07 (8808 turns).

r3xj the Fighter (Minotaur Fighter)                 Turns: 8808, Time: 00:14:07

Health: -5/83      AC:  9    Str: 24    XL:     9   Next: 16%
Magic:  8/8        EV: 10    Int:  5    God:
Gold:   326        SH:  4    Dex: 11    Spells: 8/8 levels left

rFire   + . .      SeeInvis .   v - +0 morningstar
rCold   . . .      Faith    .   c - +0 buckler
rNeg    . . .      Spirit   .   b - +0 scale mail
rPois   .          Reflect  .   (helmet restricted)
rElec   .          Harm     .   x - +0 cloak
rCorr   .          Rampage  .   (no gloves)
Will    .....                   (no boots)
Stlth   ..........              (no amulet)
HPRegen 0.23/turn               e - ring of protection from fire
MPRegen 0.11/turn               (no ring)

@: no status effects
A: horns 2, retaliatory headbutt
a: no special abilities


You were on level 2 of the Abyss.
You visited 2 branches of the dungeon, and saw 9 of its levels.
You visited the Abyss 1 time.

You collected 326 gold pieces.

Inventory:

Hand Weapons
 a - a +0 war axe
 v - a +0 morningstar (weapon)
Missiles
 w - 12 poisoned darts (quivered)
 B - a curare-tipped dart
Armour
 b - a +0 scale mail (worn)
 c - a +0 buckler (worn)
 x - a +0 cloak (worn)
 E - a +0 tower shield
Jewellery
 e - a ring of protection from fire (left hand)
 A - a ring of ice
Scrolls
 f - 4 scrolls of teleportation {unknown}
 g - 3 scrolls of noise {unknown}
 h - 2 scrolls of vulnerability {unknown}
 i - 2 scrolls of immolation {unknown}
 k - a scroll of amnesia {unknown}
 m - 6 scrolls of identify {unknown}
 o - 2 scrolls of magic mapping {unknown}
 t - a scroll of fog {unknown}
 u - a scroll of silence {unknown}
 y - a scroll of summoning {unknown}
 C - a scroll of blinking {unknown}
 D - a scroll of enchant armour {unknown}
Potions
 d - a potion of might
 j - 6 potions of curing {unknown}
 l - 3 potions of degeneration {unknown}
 n - 2 potions of haste {unknown}
 p - a potion of magic {unknown}
 q - 4 potions of heal wounds {unknown}
 r - a potion of attraction {unknown}
 s - a potion of mutation {unknown}
 z - a potion of brilliance {unknown}


   Skills:
 + Level 9.1 Fighting
 - Level 6.5(7.5) Axes
 * Level 5.6(7.1) Maces & Flails
 + Level 9.1 Armour
 - Level 4.0 Shields


You had 8 spell levels left.
You didn't know any spells.
Your spell library contained the following spells:

 Spells                   Type           Power      Damage    Failure   Level
 Animate Skeleton         Necr           0%         N/A       75%         1
 Apportation              Tloc           0%         N/A       75%         1
 Sandblast                Erth           0%         2d4       75%         1
 Summon Small Mammal      Summ           0%         N/A       75%         1
 Passwall                 Tmut/Erth      0%         N/A       86%         2
 Poisonous Vapours        Pois/Air       0%         N/A       86%         2
 Static Discharge         Conj/Air       0%         N/A       86%         2
 Sublimation of Blood     Necr           0%         N/A       86%         2
 Wereblood                Tmut           0%         N/A       86%         2
 Stone Arrow              Conj/Erth      0%         3d7       98%         3
 Conjure Ball Lightning   Conj/Air       0%         3x3d6     100%        6
 Summon Hydra             Summ           0%         N/A       100%        7
 Disjunction              Tloc           0%         N/A       100%        8


Dungeon Overview and Level Annotations

Branches:
Dungeon (8/15)             Temple (1/1) D:7
   Lair: D:8-11

Altars:
Ashenzari
Cheibriados
Dithmenos
Elyvilon
Fedhas
Gozag
Hepliaklqana
Kikubaaqudgha
Makhleb
Nemelex Xobeh
Sif Muna
Trog
Uskayaw
Wu Jian
Xom
Zin
The Shining One

Annotations:
D:8 Psyche


Innate Abilities, Weirdness & Mutations

You have a pair of horns on your head.
You reflexively headbutt those who attack you in melee.


Message History

The crimson imp shouts! x2; The thrashing horror roars!
Something shouts, "Scamper away, thou goatish rump-fed rump-roast!"
You hear a shout!
The thrashing horror tramples you!
You stumble backwards!
A white imp comes into view.
A neqoxec comes into view.
A white imp comes into view.
The crimson imp blinks!
A white imp comes into view.
Press: ? - help, v - describe, . - travel A gateway leading deeper into the Abyss.
Okay, then.
The thrashing horror roars!
The neqoxec shouts!
The thrashing horror tramples you but does no damage. x2
The thrashing horror roars!
The thrashing horror tramples you.
You hold your ground!
The thrashing horror tramples you!
You hold your ground!
A starcursed mass splits.
A chorus of shrieks assaults your mind.
The white imp shouts, "Go and return not, thou paunchy dizzy-eyed vulture!"
The thrashing horror tramples you!
You stumble backwards!
The thrashing horror roars!
The thrashing horror barely misses you.
The thrashing horror tramples you but does no damage.
You feel a little less mighty now.
The thrashing horror roars!
The thrashing horror tramples you but does no damage.
The thrashing horror tramples you.
You stumble backwards!
The starcursed mass shrieks in your mind.
The thrashing horror tramples you.
You hold your ground!
The thrashing horror tramples you.
You hold your ground!
The thrashing horror tramples you!
* * * LOW HITPOINT WARNING * * *
You hold your ground!
The thrashing horror tramples you.
* * * LOW HITPOINT WARNING * * *
You hold your ground!
The thrashing horror roars!
The thrashing horror tramples you.
* * * LOW HITPOINT WARNING * * *
You stumble backwards!
The thrashing horror tramples you!
You die...

### ## ... .##
#####.# ## . ≈
.......######.# ≈.
#@X.....##### ≈ .
##.##...5#..# ≈..
....##..#...##.≈..
#.##.#####.#.....3..
# #######.5....#≈.5
#.....5.. # ≈.
#.#....#.#.≈≈ #.
##.##5#...≈≈ ..
##.#. ## #..


You could see a thrashing horror and a white imp.

Vanquished Creatures
  Grinder (D:4)
  A steam dragon (D:7)
  An ice beast (D:5)
  A sky beast (D:6)
  2 ogres (D:6)
  A centaur (D:5)
  2 kobold brigands
  Blork the orc (D:4)
  5 scorpions
  A water moccasin skeleton (D:5)
  8 wights
  2 bullfrog zombies
  A jelly (D:6)
  A bullfrog skeleton (D:6)
  An orc priest (D:7)
  2 centaur skeletons
  2 iguanas
  Natasha (thrice) (D:2)
  2 orc wizards
  A hound skeleton (D:5)
  A howler monkey zombie (D:5)
  3 gnolls (D:6)
  4 adders
  2 white imps
  An ufetubus (D:4)
  A worm (D:2)
  3 dart slugs (D:1)
  31 orcs
  A ball python (D:1)
  10 endoplasms
  A giant cockroach (D:1)
  11 goblins
  4 hobgoblins
  13 jackals
  11 kobolds
  5 quokkas
  2 bats
  5 frilled lizards
  A rat (D:1)
149 creatures vanquished.

Notes
Turn   | Place    | Note
-------+----------+-------------------------------------------
     0 | D:1      | r3xj the Minotaur Fighter began the quest for the Orb.
     0 | D:1      | Reached XP level 1. HP: 19/19 MP: 0/0
    72 | D:1      | Reached XP level 2. HP: 24/27 MP: 1/1
   417 | D:1      | Reached XP level 3. HP: 33/33 MP: 2/2
   512 | D:1      | Found a faded altar of an unknown god.
   606 | D:2      | Noticed Natasha
   617 | D:2      | Killed Natasha
   618 | D:2      | Reached XP level 4. HP: 9/41 MP: 3/3
   903 | D:2      | Got Sif Muna's Guide on Warped Lightness
  1001 | D:2      | Found a bloodstained altar of Trog.
  1148 | D:2      | Noticed Natasha
  1155 | D:2      | Killed Natasha
  1234 | D:2      | Noticed Natasha
  1240 | D:2      | Killed Natasha
  1388 | D:2      | Reached XP level 5. HP: 44/47 MP: 4/4
  1700 | D:3      | Reached skill level 5 in Armour
  1849 | D:3      | Reached skill level 5 in Fighting
  1858 | D:3      | Found a glowing silver altar of Zin.
  2616 | D:4      | Found a white marble altar of Elyvilon.
  2895 | D:4      | Noticed Blork the orc
  2902 | D:4      | Killed Blork the orc
  2903 | D:4      | Reached XP level 6. HP: 49/56 MP: 5/5
  3011 | D:4      | Noticed Grinder
  3014 | D:4      | Paralysed by Grinder for 3 turns
  3024 | D:4      | Killed Grinder
  3025 | D:4      | Reached skill level 5 in Axes
  3649 | D:5      | Entered Level 5 of the Dungeon
  3771 | D:5      | Reached XP level 7. HP: 63/63 MP: 6/6
  4888 | D:5      | Reached skill level 1 in Maces & Flails
  4888 | D:5      | Reached XP level 8. HP: 41/73 MP: 7/7
  6418 | D:6      | Found a blossoming altar of Fedhas.
  7282 | D:6      | Reached XP level 9. HP: 30/76 MP: 8/8
  7725 | D:7      | Found a staircase to the Ecumenical Temple.
  7734 | Temple   | Entered the Ecumenical Temple
  7951 | D:7      | Reached skill level 5 in Maces & Flails
  8019 | D:7      | Found a burning altar of Makhleb.
  8744 | D:8      | Noticed Psyche
  8749 | D:8      | Cast into level 2 of the Abyss (Psyche)
  8777 | Abyss:2  | Noticed a starcursed mass
  8792 | Abyss:2  | Noticed a thrashing horror
  8808 | Abyss:2  | Slain by a thrashing horror

Illustrated notes

Levels and vault maps discovered:
D:1:      psy_arrival_whirlpool, layout_basic,
          hellmonk_ecumenical_altar_slurped_away
D:2:      layout_basic, basic_altar, nrook_loot_triangle, uniq_natasha
D:3:      layout_loops_cross, zin_treasury
D:4:      layout_basic, amcnicky_altar_gilded, wad_orctagon, uniq_grinder,
          uniq_blork_the_orc
D:5:      layout_basic
D:6:      layout_basic, lemuel_crystal_altar, minmay_unpleasant_kobolds
D:7:      layout_basic, mainiacjoe_overflow_alcove_1,
          minmay_temple_entry_butterflies
D:8:      layout_loops_corners, serial_shops, nicolae_shop_statue_plus,
          supply_closet_lemuel, worms_lemuel, uniq_psyche, uniq_harold
Temple:   dshaligram_water_room_temple
Abyss:2:  base: D:4, guppyfry_abyss_exit_imp_island,
          guppyfry_abyss_exit_imp_island, minivault_25, minivault_19,
          hangedman_abyss_monster_moat, hangedman_shadowy_showcase

Skill      XL: |  1  2  3  4  5  6  7  8  9 |
---------------+----------------------------+-----
Armour         | 4 5 6 7 8 9 |  9.1
Fighting       | 4 5 6 7 8 9 |  9.1
Shields        | 4 |  4.0
Axes           | 3 4 5 6 |  6.5
Maces & Flails | 1 4 5 |  5.6

Action                   |  1- 3 |  4- 6 |  7- 9 || total
-------------------------+-------+-------+-------++-------
Melee: War axe           |    70 |   105 |    40 ||   215
       Headbutt          |     7 |    20 |    44 ||    71
       Morningstar       |       |       |   170 ||   170
  Use: Potion            |       |       |     1 ||     1
Armor: Scale mail        |    30 |    34 |    98 ||   162
Dodge: Dodged            |    39 |    46 |   121 ||   206
Block: Buckler           |    16 |    18 |    61 ||    95

Table legend: (Time is in decaauts)
 A = Elapsed time spent in this place.
 B = Non-inter-level travel time spent in this place.
 C = Inter-level travel time spent in this place.
 D = Time resting spent in this place.
 E = Time spent auto-exploring this place.
 F = Levels seen in this place.
 G = Mean time per level.
                   A        B        C        D        E       F      G
               +--------+--------+--------+--------+--------+-----+--------+
         Total |   8931 |   8631 |    300 |   1208 |   6269 |  10 |  893.1 |
       Dungeon |   8657 |   8379 |    278 |   1208 |   6087 |   8 | 1082.1 |
        Temple |    215 |    193 |     22 |      0 |    182 |   1 |  215.0 |
         Abyss |     58 |     58 |      0 |      0 |      0 |   1 |   58.0 |
               +--------+--------+--------+--------+--------+-----+--------+

Top non-repeatable levels by time:
     D:5: 2477 daAuts
     D:6: 1599 daAuts
     D:4: 1300 daAuts
     D:2: 1087 daAuts
     D:7: 845 daAuts
     D:3: 704 daAuts
     D:1: 620 daAuts
  Temple: 215 daAuts
 Abyss:2: 58 daAuts
     D:8: 21 daAuts
